 Dungeon Crawl Stone Soup version 0.14-a0-2061-g6c6fb9c (webtiles) character file.

9410 M4edhros the Slinger (level 11, -2/63 HPs)
             Began as an Octopode Hunter on Jan 22, 2014.
             Was a Priest of Fedhas.
             Slain by a cyclops (34 damage)
             ... on Level 11 of the Dungeon.
             The game lasted 00:39:26 (13205 turns).

M4edhros the Slinger (Octopode Hunter)             Turns: 13205, Time: 00:39:27

HP  -2/63        AC  2     Str 13      XL: 11   Next: 36%
MP  25/25        EV 12     Int 13      God: Fedhas [***...]
Gold 614         SH  0     Dex 13      Spells:  0 memorised, 10 levels left

rFire  + . .     SeeInvis .     b - +4 sling
rCold  . . .     Rnd*Rage +     (no shield)
rNeg   . . .     Conserve .     (helmet restricted)
rPois  .         rCorr    .     (no amulet)
rElec  .         rRot     .     (no ring)
SustAb . .       Spirit   .     (no ring)
rMut   .         Warding  .     (no ring)
Saprov . . .     Stasis   .     (no ring)
MR     .....                    (no ring)
                                (no ring)
                                (no ring)
                                (no ring)

@: not resistant to hostile enchantments, stealthy
A: almost no armour, amphibious, 8 rings, constrict 8, molten scales 1,
camouflage 1, berserk 1, clumsy 1, fire resistance 1, gelatinous body 1
a: Evolution, Sunlight, Growth, Renounce Religion


You were on level 11 of the Dungeon.
You worshipped Fedhas.
Fedhas was most pleased with you.
You were not hungry.

You visited 2 branches of the dungeon, and saw 12 of its levels.
You also visited: Sewer.

You collected 614 gold pieces.

Inventory:

Hand weapons
 b - a +4,+4 sling (weapon)
 h - a +1,+0 dagger of electrocution
 L - a +0,+4 trident of dragon slaying
Missiles
 c - 34 sling bullets (quivered)
 g - 78 stones
 t - 4 silver sling bullets
Magical devices
 k - a wand of magic darts (6)
 w - a wand of slowing (10)
 x - a wand of frost (7) {unknown}
 z - a wand of magic darts (6)
 C - a wand of polymorph (2)
 D - a wand of digging (16)
 F - a wand of magic darts (5)
Comestibles
 f - a honeycomb
 n - 4 apples
 o - 8 meat rations
 q - 3 royal jellies
 s - 2 pears
 v - an apricot
 G - a rambutan
 J - a bread ration
Scrolls
 e - 8 scrolls of teleportation
 i - 5 scrolls of remove curse {unknown}
 l - 3 scrolls of recharging
 y - a scroll of identify
Jewellery
 I - an uncursed amulet of the gourmand {unknown}
Potions
 a - a potion of magic
 d - a potion of porridge
 j - 2 potions of restore abilities
 u - 5 potions of heal wounds
 H - a potion of curing
 K - 4 potions of flight
Books
 p - a book of Annihilations {highlevel}

   This book is beyond your current level of understanding.

   Spells                             Type                      Level
   Poison Arrow                       Conjuration/Poison           6
   Chain Lightning                    Conjuration/Air              8
   Lehudib's Crystal Spear            Conjuration/Earth            8
   Ice Storm                          Conjuration/Ice              9
   Fire Storm                         Conjuration/Fire             9
Magical staves
 m - an uncursed staff of fire
 A - an uncursed staff of earth
Miscellaneous
 r - a fan of gales
 B - a lantern of shadows
 E - a fan of gales


   Skills:
 - Level 1.0 Fighting
 - Level 6.3 Short Blades
 + Level 13.1 Slings
 - Level 2.0 Dodging
 - Level 1.3 Stealth
 * Level 10.5 Invocations


You had 10 spell levels left.
You didn't know any spells.

Dungeon Overview and Level Annotations

Branches:
Dungeon (11/16)            Temple (1/1) D:7
    Orc: D:9-12        Lair: D:8-11

Altars:
Ashenzari
Cheibriados
Dithmengos
Elyvilon
Fedhas
Kikubaaqudgha
Makhleb
Nemelex Xobeh
Okawaru
Sif Muna
Trog
Vehumet
Xom
Yredelemnul
Zin
the Shining One

Shops:
D:5 (   D:9 }   D:11 [

Annotations:
D:4 Pikel
D:10 exclusion: door


Innate Abilities, Weirdness & Mutations

You cannot wear most types of armour.
You are amphibious.
You can wear up to eight rings at the same time.
You can use your tentacles to constrict many enemies at once.
Your skin changes colour to match your surroundings (Stlth).
Your rubbery body absorbs attacks (AC +1).
You are partially covered in molten scales (AC +1).
You tend to lose your temper in combat.
You are clumsy. (Dex -2)
Your flesh is heat resistant.


Message History

The large rock crashes through your wandering mushroom.
The large rock crashes through you!
Your wandering mushroom hits the cyclops!
The cyclops is engulfed in a cloud of spores!
Your wandering mushroom is destroyed!
You swap places.
Firing (i - inventory. (,) - cycle):
c - 36 sling bullets (quivered)
Press: ? - help, Shift-Dir - straight line, f/p - cyclops
Aim: a cyclops (severely wounded)
You shoot a sling bullet. The sling bullet hits the cyclops.
The cyclops is severely wounded.
Your wandering mushroom barely misses the cyclops.
Firing (i - inventory. (,) - cycle):
c - 35 sling bullets (quivered)
Press: ? - help, Shift-Dir - straight line, f/p - cyclops
Aim: a cyclops (severely wounded)
You shoot a sling bullet. The sling bullet misses the cyclops.
The cyclops hits you!
Ouch! That really hurt!
You die...
Fedhas appreciates your contribution to the ecosystem.

....?......
.............
C..............
.......C..(.... #
.l.............
#.................
#.#######(..# .
#.....ffC...########...
#.....f@................
#.(.....................
############...#########
#...# #...########
######...........
..................
.........#########
.........#


You could see a cyclops and 3 friendly wandering mushrooms.

Vanquished Creatures
  The ghost of M4edhros the Slinger, an experienced OpHu (D:6)
  Maurice (D:8)
  2 trolls
  2 two-headed ogres
  An ugly thing (D:10)
  A yak (D:9)
  A fire bat (D:10)
  A hill giant skeleton (D:9)
  A hippogriff (D:7)
  A manticore (D:9)
  An orc warrior (D:9)
  2 black bears
  A sky beast (D:6)
  3 slaves (D:4)
  2 ice beasts (D:10)
  3 phantoms
  5 ogres
  3 centaurs
  A big kobold (Sewer)
  Duvessa (D:9)
  5 giant frogs
  A gnoll sergeant (D:10)
  2 water moccasins
  Blork the orc (D:4)
  3 wights (D:9)
  A hippogriff skeleton (D:8)
  A troll skeleton (D:11)
  9 killer bees (D:8)
  8 crimson imps
  A goliath beetle (D:9)
  A jelly (D:11)
  A giant frog zombie (D:8)
  3 hounds
  Crazy Yiuf (D:6)
  2 big fish
  A gnoll shaman (D:2)
  A black bear zombie (D:6)
  A giant frog skeleton (D:6)
  7 orc priests
  3 iguanas
  9 orc wizards
  2 worker ants
  2 scorpions
  An ogre zombie (D:6)
  9 gnolls
  9 adders
  A worm zombie (D:6)
  2 green rats (Sewer)
  A giant centipede (D:10)
  4 giant mites
  3 worms
  An adder zombie (D:7)
  2 grey rats (Sewer)
  An iguana skeleton (D:6)
  12 giant geckos
  2 oozes (D:1)
  35 orcs
  8 giant cockroaches
  20 hobgoblins
  11 kobolds
  6 quokkas
  3 ball pythons
  15 bats
  A giant gecko skeleton (D:6)
  6 giant newts
  12 goblins
  A goblin skeleton (D:5)
  23 jackals
  17 rats
  A rat skeleton (D:6)
  A rat zombie (D:6)
308 creatures vanquished.

Vanquished Creatures (collateral kills)
  The ghost of zammy the Carver, an experienced HEBe of Trog (D:8)
  A cyclops (D:9)
  A queen bee (D:8)
  A komodo dragon (D:10)
  A deep elf fighter (D:9)
  Grum (D:8)
  2 wolves (D:8)
  A hippogriff (D:9)
  An ice beast (D:9)
  An orc warrior (D:10)
  A yellow wasp (D:9)
  An ogre (D:8)
  A sky beast (D:9)
  2 centaurs (D:9)
  2 giant frogs
  9 killer bees
  Dowan (D:9)
  A quasit (D:9)
  2 hounds (D:9)
  A worker ant (D:8)
  An orc wizard (D:10)
  An iguana (D:9)
  A mummy (D:9)
  2 adders (D:9)
  2 gnolls (D:10)
  4 orcs
  A hobgoblin (D:8)
  2 jackals (D:8)
  A kobold (D:9)
  A bat (D:9)
  A toadstool (D:9)
49 creatures vanquished.

Vanquished Creatures (others)
  A fire vortex (D:10)
  A soldier ant zombie (D:8)
  A worm zombie (D:9)
  A worm (D:7)
  A scorpion zombie (D:7)
  8 wandering mushrooms
  2 giant spores
  108 toadstools
123 creatures vanquished.

Grand Total: 480 creatures vanquished

Notes
Turn   | Place    | Note
--------------------------------------------------------------
     0 | D:1      | M4edhros, the Octopode Hunter, began the quest for the Orb.
     0 | D:1      | Reached XP level 1. HP: 13/13 MP: 1/1
    53 | D:1      | Reached XP level 2. HP: 18/18 MP: 2/2
   336 | D:1      | Reached XP level 3. HP: 15/23 MP: 3/3
   348 | D:1      | Reached skill level 5 in Slings
   822 | D:2      | Reached XP level 4. HP: 23/28 MP: 4/4
   871 | D:2      | Found an ancient bone altar of Kikubaaqudgha.
   872 | D:2      | Found a radiant altar of Vehumet.
   874 | D:2      | Found a shattered altar of Ashenzari.
  1320 | D:3      | Reached skill level 6 in Slings
  1331 | D:2      | Reached XP level 5. HP: 23/33 MP: 5/5
  2042 | D:3      | Found a basalt altar of Yredelemnul.
  2494 | D:3      | Reached skill level 7 in Slings
  2984 | D:4      | Reached XP level 6. HP: 36/38 MP: 6/6
  2999 | D:4      | Noticed an ogre
  3018 | D:4      | Killed an ogre
  3100 | D:4      | Noticed Blork the orc
  3111 | D:4      | Noticed a slave
  3111 | D:4      | Killed Blork the orc
  3111 | D:4      | Reached skill level 8 in Slings
  3111 | D:4      | Reached XP level 7. HP: 33/43 MP: 7/7
  3133 | D:4      | Killed a slave
  3467 | D:4      | Noticed a slave
  3467 | D:4      | Noticed a slave
  3479 | D:4      | Killed a slave
  3481 | D:4      | Noticed Pikel
  3485 | D:4      | Killed a slave
  4221 | D:4      | Noticed an ogre
  4224 | D:4      | Killed an ogre
  4225 | D:4      | Noticed a phantom
  4242 | D:4      | Killed a phantom
  4242 | D:4      | Reached skill level 9 in Slings
  4388 | D:4      | Noticed a slave
  4405 | D:5      | Entered Level 5 of the Dungeon
  4414 | D:5      | HP: 2/43 [centaur/arrow (10)]
  4889 | D:5      | Found Beit's Weapon Emporium.
  5141 | D:5      | Found a glowing drain.
  5149 | D:5      | Reached XP level 8. HP: 44/48 MP: 8/8
  5157 | Sewer    | Entered a sewer
  5237 | Sewer    | Reached skill level 10 in Slings
  5271 | Sewer    | Found a white marble altar of Elyvilon.
  5865 | D:4      | Found a burning altar of Makhleb.
  5865 | D:4      | Noticed an Executioner
  5868 | D:4      | Noticed a neqoxec
  5868 | D:4      | Noticed a neqoxec
  6010 | D:6      | Reached skill level 1 in Short Blades
  6063 | D:6      | Found a white marble altar of Elyvilon.
  6265 | D:6      | Noticed Crazy Yiuf
  6273 | D:6      | Killed Crazy Yiuf
  6506 | D:6      | Noticed M4edhros' ghost (experienced OpHu)
  6515 | D:6      | Killed M4edhros' ghost
  6515 | D:6      | Reached XP level 9. HP: 53/53 MP: 9/9
  6802 | D:6      | Reached skill level 11 in Slings
  6868 | D:7      | Found a staircase to the Ecumenical Temple.
  6915 | Temple   | Entered the Ecumenical Temple
  6953 | Temple   | Became a worshipper of Fedhas Madash
  7191 | D:7      | Found a shimmering altar of Xom.
  7192 | D:7      | Found a shimmering altar of Xom.
  7192 | D:7      | Found a shimmering altar of Xom.
  7222 | D:7      | Found a shimmering altar of Xom.
  7285 | D:7      | Reached skill level 5 in Short Blades
  7356 | D:7      | Acquired Fedhas' first power
  7675 | D:7      | Gained mutation: You tend to lose your temper in combat. [potion of mutation]
  7675 | D:7      | Gained mutation: Your flesh is heat resistant. [potion of mutation]
  7675 | D:7      | Gained mutation: You are clumsy. (Dex -2) [potion of mutation]
  7681 | D:7      | Gained mutation: You are partially covered in molten scales (AC +1). [potion of beneficial mutation]
  8119 | D:8      | Noticed Maurice
  8173 | D:8      | Killed Maurice
  8451 | D:8      | Reached XP level 10. HP: 41/58 MP: 15/17
  8534 | D:8      | Noticed zammy's ghost (experienced HEBe)
  8558 | D:8      | Noticed Grum
  8797 | D:9      | Reached skill level 12 in Slings
  8797 | D:9      | Reached skill level 5 in Invocations
  8971 | D:9      | Noticed Duvessa
  9448 | D:9      | Found Skuur's Gadget Emporium.
  9522 | D:9      | Noticed Dowan
  9526 | D:9      | Killed Duvessa
  9530 | D:9      | Killed Dowan
 10033 | D:9      | Acquired Fedhas' second power
 10490 | D:9      | Noticed a cyclops
 10512 | D:9      | Killed a cyclops
 11180 | D:8      | Killed Grum
 11271 | D:8      | Reached XP level 11. HP: 52/63 MP: 24/24
 11399 | D:8      | Killed zammy's ghost
 11906 | D:7      | Found a bloodstained altar of Trog.
 11985 | D:10     | Entered Level 10 of the Dungeon
 12141 | D:10     | Reached skill level 10 in Invocations
 12206 | D:10     | Acquired Fedhas' third power
 12532 | D:10     | Reached skill level 13 in Slings
 12800 | D:10     | Noticed a flaming corpse
 13042 | D:11     | Found Adewnaump's Antique Armour Shoppe.
 13205 | D:11     | Slain by a cyclops

Action                   |  1- 3 |  4- 6 |  7- 9 | 10-12 || total
-------------------------+-------+-------+-------+-------++-------
Melee: Halberd           |       |       |    41 |       ||    41
       Staff             |       |       |     1 |       ||     1
       Dagger            |       |       |    30 |    45 ||    75
       Sling             |       |       |       |     2 ||     2
 Fire: Sling             |   112 |   194 |   315 |   468 ||  1089
Invok: Evolution         |       |       |     4 |     7 ||    11
       Sunlight          |       |       |       |     2 ||     2
Evoke: Wand              |       |     3 |    11 |     3 ||    17
  Use: Potion            |       |       |    16 |     3 ||    19
       Scroll            |       |       |    14 |     8 ||    22
 Stab: Sleeping          |       |       |     1 |       ||     1
       Distracted        |       |       |       |     1 ||     1
